 Dungeon Sprint DCSS version 0.21.1-1-g345015f (webtiles) character file.

1544 Fang the Fighter (level 8, -2/74 HPs)
             Began as a Demonspawn Berserker on Apr 18, 2018.
             Was a High Priest of Trog.
             Slain by a merfolk
             ... wielding a +0 trident
              (14 damage)
             ... in the Dungeon (Sprint V: "Ziggurat Sprint").
             The game lasted 00:01:56 (353 turns).

Fang the Fighter (Demonspawn Berserker)              Turns: 353, Time: 00:01:56

Health: -2/74      AC: 20    Str: 26    XL:     8   Next: 56%
Magic:  8/8        EV:  7    Int:  9    God:    Trog [*****.]
Gold:   0          SH: 18    Dex: 12    Spells: 7/7 levels left

rFire    . . .     SeeInvis .   m - +5 demon trident
rCold    . . .     Gourm    .   k - +3 large shield
rNeg     . . .     Faith    .   j - +5 shadow dragon scales
rPois    .         Spirit   .   (no helmet)
rElec    .         Reflect  .   (no cloak)
rCorr    .         Harm     .   (no gloves)
MR       .....     NoTele   +   (no boots)
Stlth    ++++......             (no amulet)
HPRegen  0.22/turn              F - +6 ring of strength
MPRegen  0.11/turn              G - ring of flight

@: berserk cooldown, slowed, very slow
A: hooves 1, molten scales 2, nightstalker 1, rot immunity
a: Berserk, Trog's Hand, Brothers in Arms, Burn Spellbooks, Renounce Religion,
Evoke Flight


You were in the Dungeon.
You worshipped Trog.
Trog was extremely pleased with you.
You were very hungry.

You visited 1 branch

Inventory:

Hand Weapons
 l - a +5 executioner's axe
 m - a +5 demon trident (weapon)
Armour
 j - +5 shadow dragon scales (worn)
 k - a +3 large shield (worn)
Jewellery
 F - a +6 ring of strength (left hand)
 G - a ring of flight (right hand)
Wands
 x - a wand of disintegration (7)
 y - a wand of iceblast (7)
 z - a wand of acid (7)
Scrolls
 i - 4 scrolls of blinking
 n - 7 scrolls of fog
 o - 5 scrolls of identify
 p - 5 scrolls of remove curse
 q - 2 scrolls of fear
Potions
 d - 10 potions of curing
 e - 10 potions of heal wounds
 f - 6 potions of haste
 g - 7 potions of magic
 h - 3 potions of berserk rage
 r - 2 potions of brilliance
 s - 2 potions of invisibility
 t - 4 potions of resistance
 u - a potion of experience
 v - 5 potions of agility
 w - 6 potions of might
Miscellaneous
 b - a sack of spiders
Comestibles
 a - 3 chunks of flesh
 c - 7 rations


   Skills:
 + Level 10.7 Fighting
 + Level 9.8(10.8) Axes
 + Level 7.5(9.7) Polearms
 + Level 5.5 Armour
 + Level 5.2 Dodging
 + Level 2.1 Stealth
 + Level 4.5 Shields


You had 7 spell levels left.
You didn't know any spells.

Dungeon Overview and Level Annotations

Branches:
Dungeon (1/1)

Altars:
Ashenzari
Cheibriados
Dithmenos
Elyvilon
Fedhas
Gozag
Hepliaklqana
Kikubaaqudgha
Makhleb
Nemelex Xobeh
Okawaru
Qazlal
Ru
Sif Muna
Trog
Uskayaw
Vehumet
Wu Jian
Xom
Yredelemnul
Zin
The Shining One
Beogh
Jiyva
Lugonu

Annotations:
D 1 transporter


Innate Abilities, Weirdness & Mutations

You have large cloven feet.
You are mostly covered in molten scales. (AC +3)
You are slightly more attuned to the shadows.
You are immune to rotting.


Message History

You block the merfolk's attack.
The cyclops throws a large rock.
The large rock hits you!!
* * * LOW HITPOINT WARNING * * *
You block the merfolk's attack.
Attack whom?
Press: ? - help, Dir - move target cursor, f/p - merfolk
Aim: a merfolk, wielding a +3 halberd of pain (lightly wounded)
You reach to attack!
You closely miss the merfolk.
The merfolk is lightly wounded.
You block the merfolk's attack. The merfolk barely misses you.
The cyclops throws a large rock.
You block the large rock.
You block the merfolk's attack. x2; The merfolk barely misses you.
Attack whom?
Press: ? - help, Dir - move target cursor, f/p - merfolk
Aim: a merfolk, wielding a +3 halberd of pain (lightly wounded)
You reach to attack!
You hit the merfolk but do no damage.
The merfolk is lightly wounded.
The cyclops throws a large rock.
The large rock barely misses you.
The merfolk hits you from afar with a trident!
You die...

▓...©....▓...©....▓
▓▓▓▓▓▓▓▓▓▓▓▓▓▓▓▓▓▓▓
▓..8©8..▓ ▓..|.:..▓
▓...)[..▓ ▓.......▓
▓..Cmmm.▓ ▓..)....▓
▓...@...▓ ▓...(...▓
▓...©(..▓ ▓▓▓▓▓▓▓▓▓


You could see 3 merfolk and a cyclops.

Vanquished Creatures
  2 rime drakes (D)
  A jumping spider (D)
  A merfolk (D)
  A tarantella (D)
  A water moccasin (D)
  An eye of draining (D)
  A centaur (D)
  2 scorpions (D)
  An orc priest (D)
  2 jellies (D)
  An adder (D)
  An ooze (D)
  2 orcs (D)
  3 ball pythons (D)
20 creatures vanquished.

Notes
Turn   | Place    | Note
-------+----------+-------------------------------------------
     0 | D        | Found the +6 Majin-Bo {vamp, Archmagi MP+6 Int+6}
     0 | D        | Found the +7 great mace "Firestarter" {inner flame, rF++}
     0 | D        | Fang the Demonspawn Berserker began the quest for the Orb.
     0 | D        | Reached XP level 1. HP: 18/18 MP: 1/1
     5 | D        | Found a blossoming altar of Fedhas.
     7 | D        | Found a viscous altar of Jiyva.
     7 | D        | Found a hazy altar of Hepliaklqana.
     7 | D        | Found a transporter.
     7 | D        | Found an opulent altar of Gozag.
     7 | D        | Found an ancient bone altar of Kikubaaqudgha.
     7 | D        | Found a corrupted altar of Lugonu.
    13 | D        | Found a burning altar of Makhleb.
    14 | D        | Found a stormy altar of Qazlal.
    14 | D        | Found a sacrificial altar of Ru.
    14 | D        | Found an iron altar of Okawaru.
    14 | D        | Found a deep blue altar of Sif Muna.
    14 | D        | Found a sparkling altar of Nemelex Xobeh.
    14 | D        | Found a bloodstained altar of Trog.
    81 | D        | Entered arena 2.
    81 | D        | Noticed a rime drake
    81 | D        | Noticed a rime drake
    81 | D        | Found a transporter.
    82 | D        | Found the +3 giant club "Skullcrusher" {speed, Str+7}
    85 | D        | Killed a rime drake
    85 | D        | Reached skill level 7 in Fighting
    85 | D        | Reached skill level 1 in Shields
    85 | D        | Gained mutation: You are immune to rotting. [demonic ancestry]
    85 | D        | Reached XP level 2. HP: 32/32 MP: 2/2
    85 | D        | Reached XP level 3. HP: 37/37 MP: 3/3
    85 | D        | Gained mutation: You are partially covered in molten scales. (AC +2) [demonic ancestry]
    85 | D        | Reached XP level 4. HP: 44/44 MP: 4/4
    85 | D        | Reached XP level 5. HP: 49/49 MP: 5/5
    88 | D        | Killed a rime drake
    88 | D        | Reached skill level 9 in Fighting
    88 | D        | Gained mutation: You are slightly more attuned to the shadows. [demonic ancestry]
    88 | D        | Reached XP level 6. HP: 58/58 MP: 6/6
   140 | D        | Entered arena 3.
   140 | D        | Found a transporter.
   142 | D        | Reached ** piety under Trog
   147 | D        | Gained mutation: You are mostly covered in molten scales. (AC +3) [demonic ancestry]
   147 | D        | Reached XP level 7. HP: 55/64 MP: 7/7
   192 | D        | Entered arena 4.
   192 | D        | Found a transporter.
   203 | D        | Reached *** piety under Trog
   207 | D        | Reached skill level 5 in Armour
   246 | D        | Entered arena 5.
   246 | D        | Noticed a tarantella
   246 | D        | Noticed a jumping spider
   246 | D        | Found a transporter.
   250 | D        | Killed a jumping spider
   250 | D        | Reached skill level 10 in Fighting
   250 | D        | Reached skill level 5 in Polearms
   250 | D        | Reached skill level 5 in Dodging
   250 | D        | Reached skill level 1 in Stealth
   253 | D        | Killed a tarantella
   253 | D        | Reached **** piety under Trog
   253 | D        | Gained mutation: You have large cloven feet. [demonic ancestry]
   253 | D        | Reached XP level 8. HP: 73/73 MP: 8/8
   299 | D        | Entered arena 6.
   299 | D        | Found a transporter.
   308 | D        | Reached ***** piety under Trog
   337 | D        | Entered arena 7.
   337 | D        | Noticed a merfolk
   337 | D        | Noticed a merfolk
   337 | D        | Noticed a merfolk
   339 | D        | Noticed a cyclops
   339 | D        | Noticed a merfolk
   340 | D        | Found a transporter.
   349 | D        | Killed a merfolk
   353 | D        | Slain by a merfolk

Skill      XL: |  1  2  3  4  5  6  7  8 |
---------------+-------------------------+-----
Fighting       | 7 9 10 | 10.7
Axes           | 7 8 9 |  9.8
Polearms       | 2 3 5 7 |  7.5
Armour         | 4 5 |  5.5
Dodging        | 3 4 5 |  5.2
Shields        | 1 3 4 |  4.5
Stealth        | 1 2 |  2.1

Action                   |  1- 3 |  4- 6 |  7- 9 || total
-------------------------+-------+-------+-------++-------
Melee: Demon trident     |     3 |     9 |    46 ||    58
       Kick              |       |       |     2 ||     2
Invok: Berserk           |     1 |       |     2 ||     3
       Burn Spellbooks   |       |       |     1 ||     1
 Stab: Sleeping          |       |       |     2 ||     2
Armor: Shadow dragon sca |       |     1 |    22 ||    23
Dodge: Dodged            |       |     1 |    13 ||    14
Block: Large shield      |     3 |     3 |    57 ||    63
